 Dungeon Crawl Stone Soup version 0.29-a0-2-g12fcac58f8 (webtiles) character file.

Game seed: 14811398352384462065

248 HallandMoats the Ruffian (level 6, -4/53 HPs)
             Began as a Ghoul Monk on Jan 27, 2022.
             Killed from afar by an orc wizard (11 damage)
             ... with a magic dart
             ... on level 3 of the Dungeon.
             The game lasted 00:04:21 (4337 turns).

HallandMoats the Ruffian (Ghoul Monk)               Turns: 4337, Time: 00:04:22

Health: -4/53      AC:  5    Str: 17    XL:     6   Next: 12%
Magic:  7/7        EV: 11    Int:  5    God:
Gold:   130        SH:  5    Dex: 11    Spells: 5/5 levels left

rFire   . . .      SeeInvis .     - Unarmed
rCold   + . .      Faith    .   (no shield)
rNeg    + + +      Spirit   .   e - +0 ring mail
rPois   ∞          Reflect  +   (no helmet)
rElec   .          Harm     .   (no cloak)
rCorr   .          Rampage  .   (no gloves)
Will    .....                   (no boots)
Stlth   +.........              i - amulet of reflection
HPRegen 0.00/turn               (no ring)
MPRegen 0.10/turn               (no ring)

@: inhibited regen
A: claws 1, cold resistance 1, negative energy resistance 3, inhibited
regeneration, torment resistance 2
a: no special abilities


You were on level 3 of the Dungeon.
You visited 1 branch of the dungeon, and saw 4 of its levels.

You collected 130 gold pieces.

Inventory:

Armour
 e - a +0 ring mail (worn)
Jewellery
 i - an amulet of reflection (around neck)
Wands
 f - a wand of polymorph (12)
Scrolls
 b - 2 scrolls of identify {unknown}
 c - 3 scrolls of fog
 d - a scroll of fear {unknown}
 g - a scroll of brand weapon {unknown}
 h - a scroll of amnesia {unknown}
Potions
 a - a potion of degeneration {unknown}
 j - a potion of attraction {unknown}
 k - a potion of berserk rage {unknown}
 l - a potion of might


   Skills:
 * Level 4.6 Fighting
 + Level 1.4 Armour
 + Level 3.1 Dodging
 - Level 2.1 Stealth
 * Level 4.7 Unarmed Combat
 * Level 2.9 Invocations


You had 5 spell levels left.
You didn't know any spells.
Your spell library contained the following spells:

 Spells                   Type           Power      Damage    Failure   Level
 Scorch                   Fire           0%         2d5       82%         2
 Flame Wave               Conj/Fire      0%         2d4       100%        4
 Summon Cactus Giant      Summ           0%         N/A       100%        6


Dungeon Overview and Level Annotations

Branches:
Dungeon (4/15)
 Temple: D:4-7

Altars:
Kikubaaqudgha
Nemelex Xobeh
Ru

Shops:
D:1 *

Annotations:
D:4 2 transporters


Innate Abilities, Weirdness & Mutations

You thrive by killing the living.
You are immune to poison.
You have sharp fingernails.
Your flesh is cold resistant. (rC+)
You are immune to negative energy. (rN+++)
You do not regenerate when monsters are visible.
You are immune to unholy pain and torment.


Message History

The orc barely misses you.
You scratch the orc but do no damage.
The orc is moderately wounded.
The orc wizard gestures wildly while chanting.
The orc wizard flickers and vanishes!
Deactivating autopickup; reactivate with Ctrl-A.
The orc misses you.
You completely miss the orc.
The orc is moderately wounded.
Something hits you. The orc hits you but does no damage.
The orc hits you but does no damage.
You bump into the rock wall.
Something hits you but does no damage. The orc barely misses you.
You bump into the rock wall.
You hear some strange, mumbled words.
Something tries to affect you, but you resist.
The orc hits you with a +0 mace of protection.
* * * LOW HITPOINT WARNING * * *
You closely miss the orc.
The orc is moderately wounded.
You feel less confused. Something hits you but does no damage.
You block the orc's attack.
You scratch the orc but do no damage.
The orc is moderately wounded.
Something hits you but does no damage.
The orc hits you with a +0 mace of protection!
* * * LOW HITPOINT WARNING * * *
You claw the orc!
You kill the orc!
You feel better.
You hear some strange, mumbled words.
Something tries to affect you, but you resist.
You hear some strange, mumbled words.
Something tries to affect you, but you resist.
You see here a +0 mace of protection.
You closely miss something.
You hear some strange, mumbled words.
A magic dart appears from out of thin air!
The magic dart hits you!
You die...

#.####.# ##.......
#.####.#####...##.##
#.#..........#.##.##
##.#.##.#####...##...
#.......# #########
#....>..# # #..#)##.#
######## # #..#{##.#
#......# # #..#@##.#
#....(.### #..#.##.#
#......#.. #.......#
#......#.# ####.####
#......#.# #.#
#......#.# #.#
##......#)# #.##
#.......#.. #..##
#.##.##.### #...#
#.......###


There were no monsters in sight!

Vanquished Creatures
  An orc priest (D:3)
  Jessica (D:2)
  Terence (D:2)
  2 orc wizards
  An adder (D:3)
  2 adder skeletons (D:4)
  A worm (D:2)
  6 dart slugs
  2 orcs (D:3)
  9 ball pythons
  3 bats (D:1)
  6 endoplasms
  4 giant cockroaches
  9 goblins
  6 hobgoblins
  10 jackals
  4 quokkas
  2 frilled lizards (D:1)
  6 kobolds
  6 rats
82 creatures vanquished.

Notes
Turn   | Place    | Note
-------+----------+-------------------------------------------
     0 | D:1      | HallandMoats the Ghoul Monk began the quest for the Orb.
     0 | D:1      | Reached XP level 1. HP: 19/19 MP: 0/0
     0 | D:1      | Noticed a tentacled monstrosity
     0 | D:1      | Noticed an orb of fire
     1 | D:1      | Noticed a white draconian
     2 | D:1      | Noticed an ice dragon
     4 | D:1      | Noticed an ice dragon
     6 | D:1      | Noticed an ice dragon
     8 | D:1      | Noticed a tentacled monstrosity
     9 | D:1      | Noticed a shadow dragon
    11 | D:1      | Noticed a shadow dragon
    13 | D:1      | Noticed a tentacled monstrosity
    13 | D:1      | Noticed a large abomination
    15 | D:1      | Noticed an orb of fire
    15 | D:1      | Noticed a tentacled monstrosity
    17 | D:1      | Noticed an iron dragon
    19 | D:1      | Noticed a tentacled monstrosity
    21 | D:1      | Noticed an orb of fire
   127 | D:1      | Reached XP level 2. HP: 26/26 MP: 1/1
   158 | D:1      | Reached skill level 1 in Invocations
   173 | D:1      | HP: 1/26 [goblin (1)]
   586 | D:1      | Reached XP level 3. HP: 16/33 MP: 2/2
   838 | D:1      | Found Puelog's General Store.
  1711 | D:2      | Noticed Terence
  2080 | D:3      | HP: 1/33 [ball python (3)]
  2083 | D:3      | Reached XP level 4. HP: 3/40 MP: 4/4
  2086 | D:3      | Reached skill level 1 in Armour
  2662 | D:3      | Reached XP level 5. HP: 42/46 MP: 5/5
  2722 | D:2      | Killed Terence
  2902 | D:2      | Found a faded altar of an unknown god.
  2938 | D:2      | Noticed Jessica
  2940 | D:2      | Killed Jessica
  3430 | D:3      | Found a sacrificial altar of Ru.
  3531 | D:3      | Found a sparkling altar of Nemelex Xobeh.
  3886 | D:4      | Found a transporter.
  3889 | D:4      | Noticed a kobold brigand
  3890 | D:4      | Noticed a wyvern
  3899 | D:4      | Found an ancient bone altar of Kikubaaqudgha.
  3916 | D:4      | Found a transporter.
  4315 | D:4      | Reached XP level 6. HP: 49/53 MP: 7/7
  4337 | D:3      | Killed from afar by an orc wizard

Illustrated notes

Levels and vault maps discovered:
D:1:      shiori_arrival_whats_in_store_for_you, layout_basic, serial_shops,
          nicolae_lakefront_shop, roderic_serpentine_path,
          amcnicky_mini_rare_corridor_liquid, minmay_surrounded
D:2:      layout_basic, shapermc_ecumenical_altar_pompeii, uniq_terence,
          uniq_jessica
D:3:      layout_loops_cross, nicolae_ru_sacrificial_ziggurat,
          nemelex_diamond_rough_becter
D:4:      layout_cave_pods, gammafunk_temple_overflow_arena

Skill      XL: |  1  2  3  4  5 |
---------------+----------------+-----
Invocations    | 1 2 |  2.9
Fighting       | 4 |  4.6
Unarmed Combat | 4 |  4.7
Armour         | 1 |  1.4
Dodging        | 3 |  3.1
Stealth        | |  2.1

Action                   |  1- 3 |  4- 6 || total
-------------------------+-------+-------++-------
Melee: Unarmed           |   136 |   110 ||   246
       Punch             |     3 |     2 ||     5
  Use: Scroll            |     3 |       ||     3
       Potion            |     2 |     1 ||     3
 Stab: Sleeping          |     3 |       ||     3
Armor: Robe              |     9 |     2 ||    11
       Ring mail         |       |    23 ||    23
Dodge: Dodged            |    90 |    52 ||   142
Block: Other             |       |    15 ||    15

Table legend: (Time is in decaauts)
 A = Elapsed time spent in this place.
 B = Non-inter-level travel time spent in this place.
 C = Inter-level travel time spent in this place.
 D = Time resting spent in this place.
 E = Time spent auto-exploring this place.
 F = Levels seen in this place.
 G = Mean time per level.
                   A        B        C        D        E       F      G
               +--------+--------+--------+--------+--------+-----+--------+
         Total |   4319 |   4188 |    131 |    962 |   2622 |   4 | 1079.8 |
       Dungeon |   4319 |   4188 |    131 |    962 |   2622 |   4 | 1079.8 |
               +--------+--------+--------+--------+--------+-----+--------+

Top non-repeatable levels by time:
     D:1: 1581 daAuts
     D:3: 1476 daAuts
     D:2: 826 daAuts
     D:4: 434 daAuts
